 Dungeon Crawl Stone Soup version 0.28.0-53-g5a82cb258f (webtiles) character file.

Game seed: 15082386688241384035

1612 spiderkeys the Ducker (level 8, -1/48 HPs)
             Began as a Deep Elf Abyssal Knight on June 10, 2022.
             Was a Priest of Lugonu.
             Slain by a wyvern (12 damage)
             ... on level 6 of the Dungeon.
             The game lasted 00:17:51 (9992 turns).

spiderkeys the Ducker (Deep Elf Abyssal Knight)     Turns: 9992, Time: 00:17:51

Health: -1/48      AC: 10    Str: 10    XL:     8   Next: 63%
Magic:  16/17      EV: 13    Int: 18    God:    Lugonu [***...]
Gold:   95         SH:  4    Dex: 15    Spells: 12/17 levels left

rFire   . . .      SeeInvis .   a - +2 short sword
rCold   . . .      Faith    .   A - +0 buckler
rNeg    + . .      Spirit   .   c - +0 leather armour
rPois   .          Reflect  .   y - +0 helmet
rElec   .          Harm     .   B - +0 cloak
rCorr   .          Rampage  .   n - +1 pair of gloves
Will    .....                   z - +2 pair of boots
Stlth   +.........              (no amulet)
HPRegen 0.16/turn               N - ring of positive energy
MPRegen 0.15/turn               (no ring)

@: no status effects
A: no striking features
a: Renounce Religion, Depart the Abyss, Bend Space, Banish


You were on level 6 of the Dungeon.
You worshipped Lugonu.
Lugonu was most pleased with you.
You visited 1 branch of the dungeon, and saw 6 of its levels.
You visited the Abyss 1 time.

You collected 518 gold pieces.
You spent 423 gold pieces at shops.


   Skills:
 + Level 4.7 Fighting
 - Level 2.2 Short Blades
 - Level 0.7 Armour
 + Level 6.2 Dodging
 + Level 2.3 Shields
 + Level 5.1 Spellcasting
 + Level 4.4 Air Magic
 + Level 5.5 Invocations


You had 12 spell levels left.
You knew the following spells:

 Your Spells              Type           Power      Damage    Failure   Level
a - Airstrike             Air            10%        N/A       36%         4
s - Shock                 Conj/Air       48%        1d6       10%         1

Your spell library contained the following spells:

 Spells                   Type           Power      Damage    Failure   Level
 Swiftness                Air            20%        N/A       12%         3
 Gell's Gravitas          Tloc           4%         N/A       56%         3
 Teleport Other           Tloc           4%         N/A       56%         3
 Dispersal                Tloc           2%         N/A       100%        6
 Malign Gateway           Summ/Tloc      2%         N/A       100%        7
 Summon Horrible Things   Summ           2%         N/A       100%        8

Inventory:

Hand Weapons
 a - a +2 short sword (weapon)
 b - a +0 hunting sling
   (You found it on level 1 of the Dungeon)
Missiles
 h - 73 stones
 j - 43 sling bullets
 o - 25 arrows
 q - 33 bolts
 v - 3 javelins
 w - a boomerang
Armour
 c - a +0 leather armour (worn)
 n - a +1 pair of gloves (worn)
   (You found it on level 2 of the Dungeon)
 y - a +0 helmet (worn)
   (You bought it in a shop on level 4 of the Dungeon)
 z - a +2 pair of boots (worn)
   (You bought it in a shop on level 4 of the Dungeon)
 A - a +0 buckler (worn)
   (You bought it in a shop on level 4 of the Dungeon)
 B - a +0 cloak (worn)
   (You bought it in a shop on level 4 of the Dungeon)
Jewellery
 N - a ring of positive energy (left hand)
   (You found it on level 3 of the Dungeon)
Scrolls
 f - a scroll of magic mapping {!r}
 p - a scroll of fog
 s - a scroll of teleportation {@r4}
 t - a scroll of acquirement {unknown}
 x - a scroll of fear
Potions
 d - a potion of invisibility {unknown}
 e - a potion of magic {unknown}
 g - a potion of ambrosia {unknown}
 i - a potion of haste {unknown}
 k - 2 potions of flight
 l - a potion of cancellation {unknown}
 m - a potion of attraction {unknown}
 r - a potion of mutation {unknown}
 u - 2 potions of lignification {!q}

Dungeon Overview and Level Annotations

Branches:
Dungeon (6/15)
 Temple: D:4-7

Altars:
Hepliaklqana

Shops:
D:4 [[(?   D:5 =

Annotations:
Abyss:1 Duvessa

...###...........###.#
#..........####..#..# #
#...#.###.#.# #...... #.
###.......#.# ##..... ..
#...#.##..#.# ##....
#.#..###.#...## #.....
#.....###...## #.....
.#.#.####..####..## #.....
.......ยงยง.h@........
##....
.#.#.####..>l.).............
#..####....#.###.### #..#
#.#### # ...# #.# ##..# #.#
#..# #..#


You could see a wyvern and a hound.


Message History

๐Ÿ˜Ž HP[+15]
Your hp is fully restored (48).
You climb downwards.
The adder bites you but does no damage. The adder bites you.
There is a stone staircase leading up, spattered with blood here. ๐Ÿ˜• HP[-1]
You take 1 damage, and now have 47/48 hp.
You barely miss the adder. The adder closely misses you.
The adder barely misses you.
You hit the adder. The adder bites you but does no damage.
You puncture the adder!
You kill the adder!
Lugonu accepts your kill. ๐Ÿ˜Ž HP[+1]
Your hp is fully restored (48).
There is a stone staircase leading up, spattered with blood here.
This spell is quite dangerous to cast!
Memorise Airstrike, consuming 4 spell levels and leaving 12?
You start memorising the spell.
You continue memorising. x4
You finish memorising.
Spell assigned to 'a'.
You now have 95 gold pieces (gained 18).
Found a stone staircase leading down.
An ogre comes into view. It is wielding a +0 giant club.
Press: ? - help, Shift-Dir - straight line, f - ogre
Aim: an ogre, wielding a +0 giant club (asleep, chance to affect: 83%)
You fail to use your ability.
Press: ? - help, Shift-Dir - straight line, f/p - ogre
Aim: an ogre, wielding a +0 giant club (chance to affect: 83%)
The ogre is devoured by a tear in reality.
Lugonu claims a new guest. ๐Ÿ˜Ž MP[-4]
You lost 4 mp, and now have 13/17 mp.
A jelly comes into view.
The jelly quivers. ๐Ÿ˜Ž MP[+4]
Your mp is fully restored (17).
You hit the jelly.
Your hands burn!
The jelly completely misses you. ๐Ÿ˜• HP[-4]
You take 4 damage, and now have 44/48 hp.
You puncture the jelly!
Your hands burn!
The jelly barely misses you. ๐Ÿ˜• HP[-5]
You take 5 damage, and now have 39/48 hp.
You puncture the jelly!
You kill the jelly!
Lugonu accepts your kill.
No target in view!
No target in view!
Key pressed, stopping explore.
Found a stone staircase leading down. ๐Ÿ˜Ž HP[+9]
Your hp is fully restored (48).
A wyvern comes into view.
The wyvern hisses angrily.
You hear a bark!
Throw: 2 boomerangs
Press: ? - help, Shift-Dir - straight line, f - wyvern
Aim: a wyvern (60% to hit)
You throw a boomerang. The boomerang hits the wyvern.
Throw: 2 boomerangs
Press: ? - help, Shift-Dir - straight line, f/p - wyvern
Aim: a wyvern (lightly wounded, 60% to hit)
You throw a boomerang. The boomerang hits the wyvern.
A hound comes into view.
You hit the wyvern. The wyvern bites you! ๐Ÿ˜• HP[-8]
You take 8 damage, and now have 40/48 hp.
You hit the wyvern. You block the wyvern's attack.
The wyvern closely misses you.
You block the wyvern's attack. ๐Ÿ˜• HP[+1]
You hit the wyvern.
The wyvern bites you but does no damage.
The wyvern completely misses you.
You hit the wyvern. The wyvern closely misses you.
You closely miss the wyvern.
The wyvern bites you but does no damage.
The wyvern closely misses you.
You barely miss the wyvern. The wyvern bites you. ๐Ÿ˜ฎ HP[-6]
You take 6 damage, and now have 35/48 hp.
You barely miss the wyvern. The wyvern bites you!
The wyvern barely misses you. ๐Ÿ˜ฎ HP[-7]
You take 7 damage, and now have 28/48 hp.
You hit the wyvern.
The wyvern barely misses you. ๐Ÿ˜ฎ HP[+1]
You hit the wyvern.
The wyvern bites you but does no damage.
The wyvern bites you!
* * * LOW HITPOINT WARNING * * *
๐Ÿ˜จ HP[-14]
You take 14 damage, and now have 15/48 hp.
MASSIVE DAMAGE!! (PAUSE)
You closely miss the wyvern. You block the wyvern's attack.
The wyvern bites you.
* * * LOW HITPOINT WARNING * * *
๐Ÿ˜จ HP[-2]
You take 2 damage, and now have 13/48 hp.
Space bends sharply around you!
The wyvern blinks!
You blink.
The wyvern bites you!
You die...

Skill      XL: |  1  2  3  4  5  6  7  8 |
---------------+-------------------------+-----
Spellcasting   | 1 2 3 4 5 |  5.1
Dodging        | 3 4 5 6 |  6.2
Air Magic      | 1 2 3 4 |  4.4
Fighting       | 3 4 |  4.7
Invocations    | 3 4 5 |  5.5
Shields        | 1 2 |  2.3
Short Blades   | |  2.2
Armour         | |  0.7

Action                   |  1- 3 |  4- 6 |  7- 9 || total
-------------------------+-------+-------+-------++-------
Melee: Short sword       |    89 |   132 |   157 ||   378
       Punch             |     1 |     3 |     1 ||     5
       Unarmed           |       |     1 |       ||     1
 Fire: Hunting sling     |    13 |       |       ||    13
Throw: Boomerang         |       |       |     2 ||     2
 Cast: Shock             |     7 |    75 |    51 ||   133
Invok: Bend Space        |       |     8 |     8 ||    16
       Banish            |       |       |     5 ||     5
Evoke: Wand              |       |    16 |     5 ||    21
  Use: Scroll            |       |     8 |     1 ||     9
       Potion            |       |       |     4 ||     4
 Stab: Sleeping          |     2 |     1 |     1 ||     4
Armor: Leather armour    |    23 |    37 |    75 ||   135
       Skin              |       |     4 |    14 ||    18
Dodge: Dodged            |    59 |   108 |    99 ||   266
Block: Buckler           |       |       |    23 ||    23

Levels and vault maps discovered:
D:1:      minmay_arrival_stair_chambers, layout_loops_cross,
          hellmonk_ecumenical_altar_run_dry
D:2:      layout_basic, dk_noncrumbling_2, minmay_3d_cube
D:3:      layout_basic
D:4:      minmay_polygon_palace, layout_cave_pools, serial_shops,
          nicolae_stop_n_shop_2, nicolae_lakefront_shop, shop,
          nicolae_square_shop, serial_column_ruins, column_ruins_square_small,
          column_ruins_hut_ruined, column_ruins_open_tiny,
          column_ruins_open_small, column_ruins_grid_1,
          column_ruins_corridor_straight, column_ruins_open_medium,
          column_ruins_open_tiny, column_ruins_open_small, minmay_ruined_shrine,
          uniq_natasha, uniq_crazy_yiuf_cottage
D:5:      layout_loops_cross, nicolae_inconvenience_store, uniq_grinder,
          uniq_duvessa
D:6:      layout_loops_ring, minmay_temple_entry_from_below_a

Notes
Turn   | Place    | Note
-------+----------+-------------------------------------------
     0 | Abyss:1  | spiderkeys the Deep Elf Abyssal Knight began the quest for
                  | the Orb.
     0 | Abyss:1  | Reached XP level 1. HP: 13/13 MP: 4/4
     0 | Abyss:1  | magus.rc [v1.11.3]
    18 | D:1      | You pass through the gate.
    18 | D:1      | Escaped the Abyss
   445 | D:1      | Reached XP level 2. HP: 6/18 MP: 5/5
   690 | D:1      | Reached skill level 1 in Spellcasting
   708 | D:1      | You pick up a book of Air and begin reading...
   708 | D:1      | You add the spells Shock, Swiftness and Airstrike to your
                  | library.
   711 | D:1      | Learned a level 1 spell: Shock
   875 | D:1      | Found a faded altar of an unknown god.
  1147 | D:1      | Reached XP level 3. HP: 10/22 MP: 7/7
  1723 | D:2      | Reached skill level 3 in Dodging
  1907 | D:2      | Reached ** piety under Lugonu
  2279 | D:2      | Reached skill level 2 in Spellcasting
  2279 | D:2      | Reached skill level 1 in Air Magic
  2279 | D:2      | Reached XP level 4. HP: 26/27 MP: 5/9
  4285 | D:3      | Reached skill level 3 in Fighting
  4285 | D:3      | Reached skill level 3 in Invocations
  4285 | D:3      | Reached XP level 5. HP: 31/32 MP: 7/11
  4334 | D:4      | Found Utzir's Armour Boutique.
  4347 | D:4      | Reached skill level 3 in Spellcasting
  4347 | D:4      | Reached skill level 2 in Air Magic
  4354 | D:4      | Reached skill level 4 in Dodging
  4354 | D:4      | Reached XP level 6. HP: 22/37 MP: 6/12
  4586 | D:4      | Noticed Natasha
  4812 | D:4      | Killed Natasha
  4861 | D:4      | Found Viowat's Antique Armour Shoppe.
  4918 | D:4      | HP: 4/37 [iguana (11)]
  5368 | D:4      | HP: 8/37 [iguana (8)]
  5381 | D:3      | HP: 6/37 [ball python (1)]
  5672 | D:4      | Reached *** piety under Lugonu
  5681 | D:4      | Found Neggaibi's Magic Scroll Shop.
  5732 | D:4      | You add the spells Malign Gateway and Summon Horrible
                  | Things to your library.
  5780 | D:4      | Noticed Natasha
  5791 | D:4      | Killed Natasha
  5878 | D:4      | Found Aroc's Weapon Shoppe.
  6084 | D:4      | Noticed Natasha
  6098 | D:4      | Killed Natasha
  6451 | D:4      | Reached skill level 4 in Invocations
  6542 | D:4      | Reached skill level 4 in Spellcasting
  6685 | D:4      | Reached XP level 7. HP: 28/41 MP: 10/15
  6914 | D:4      | Reached skill level 3 in Air Magic
  7078 | D:4      | Found a hazy altar of Hepliaklqana.
  7173 | D:4      | Found a runed translucent door.
  7174 | D:4      | Noticed Crazy Yiuf
  7249 | D:4      | Bought a +0 helmet for 58 gold pieces
  7249 | D:4      | Bought a +1 pair of boots for 149 gold pieces
  7270 | D:4      | Bought a buckler for 108 gold pieces
  7270 | D:4      | Bought a cloak for 108 gold pieces
  7349 | D:4      | Killed Crazy Yiuf
  7350 | D:4      | Reached skill level 5 in Dodging
  7586 | D:5      | Entered Level 5 of the Dungeon
  7586 | D:5      | Noticed Grinder
  7595 | D:5      | Killed Grinder
  7596 | D:5      | Reached skill level 4 in Fighting
  7596 | D:5      | Noticed Duvessa
  7641 | D:4      | Reached skill level 1 in Shields
  7864 | D:4      | HP: 7/43 [sky beast (5)]
  7866 | D:4      | Reached skill level 5 in Spellcasting
  7866 | D:4      | Reached XP level 8. HP: 8/48 MP: 15/17
  8360 | D:5      | Noticed Dowan
  8496 | D:5      | Reached skill level 5 in Invocations
  8632 | D:5      | You add the spells Gell's Gravitas, Teleport Other and
                  | Dispersal to your library.
  9128 | D:5      | Killed Dowan
  9129 | D:5      | Reached skill level 4 in Air Magic
  9141 | D:5      | HP: 9/48 [Duvessa/+0 short sword (9)]
  9150 | D:5      | HP: 6/48 [Duvessa/+0 short sword (10)]
  9428 | D:5      | Banished Duvessa
  9429 | D:5      | Reached skill level 6 in Dodging
  9429 | D:5      | Reached skill level 2 in Shields
  9512 | D:5      | Found Anio's Jewellery Boutique.
  9810 | D:6      | Learned a level 4 spell: Airstrike
  9992 | D:6      | Slain by a wyvern

Vanquished Creatures
  Grinder (D:5)
  A sky beast (D:4)
  A centaur (D:5)
  2 scorpions (D:5)
  Dowan (D:5)
  5 wights
  A howler monkey (D:4)
  A centaur zombie (D:5)
  A bullfrog skeleton (D:5)
  A hound (D:4)
  Crazy Yiuf (D:4)
  2 jellies
  2 iguanas (D:4)
  Natasha (thrice) (D:4)
  An orc wizard (D:5)
  A howler monkey zombie (D:5)
  12 adders
  A howler monkey skeleton (D:5)
  An ufetubus (D:4)
  An adder skeleton (D:4)
  2 worms (D:2)
  3 dart slugs
  10 orcs
  16 endoplasms
  5 giant cockroaches
  8 goblins
  6 hobgoblins
  8 kobolds
  5 quokkas
  6 ball pythons
  4 bats
  2 frilled lizards
  7 rats
122 creatures vanquished.

Table legend:
 A = Non-vault XP
 B = Vault XP
 C = Vault XP percentage of total XP
 D = Non-vault monster count
 E = Vault monster count
 F = Vault count percentage of total count
                 A         B        C        D         E       F
            +---------+---------+-------+---------+---------+-------
      Total |    1334 |     970 |  42.1 |      88 |      37 |  29.6
            +---------+---------+-------+---------+---------+-------
        D:1 |      41 |       0 |   0.0 |      23 |       0 |   0.0
        D:2 |      73 |      19 |  20.7 |      17 |       5 |  22.7
        D:3 |      85 |       2 |   2.3 |      18 |       1 |   5.3
        D:4 |     485 |     462 |  48.8 |      14 |      28 |  66.7
        D:5 |     482 |     487 |  50.3 |      13 |       3 |  18.8
        D:6 |     168 |       0 |   0.0 |       3 |       0 |   0.0
            +---------+---------+-------+---------+---------+-------

Illustrated notes

Table legend:
 A = Kills in this place as a percentage of kills in entire the game.
 B = Kills by you in this place as a percentage of kills by you in the entire game.
 C = Kills by friends in this place as a percentage of kills by friends in the entire game.
 D = Other kills in this place as a percentage of other kills in the entire game.
 E = Experience gained in this place as a percentage of experience gained in the entire game.
 F = Experience gained in this place divided by the number of levels of this place that you have seen.
                   A       B       C       D       E      F
               +-------+-------+-------+-------+-------+----------------------
         Total | 100.0 | 100.0 |   N/A | 100.0 | 100.0 | 329.1
       Dungeon | 100.0 | 100.0 |   N/A | 100.0 | 100.0 | 384.0
               +-------+-------+-------+-------+-------+----------------------

Table legend: (Time is in decaauts)
 A = Elapsed time spent in this place.
 B = Non-inter-level travel time spent in this place.
 C = Inter-level travel time spent in this place.
 D = Time resting spent in this place.
 E = Time spent auto-exploring this place.
 F = Levels seen in this place.
 G = Mean time per level.
                   A        B        C        D        E       F      G
               +--------+--------+--------+--------+--------+-----+--------+
         Total |  10013 |   9471 |    542 |   2371 |   5722 |   7 | 1430.4 |
       Dungeon |   9995 |   9453 |    542 |   2371 |   5711 |   6 | 1665.8 |
         Abyss |     18 |     18 |      0 |      0 |     11 |   1 |   18.0 |
               +--------+--------+--------+--------+--------+-----+--------+

Top non-repeatable levels by time:
     D:4: 3148 daAuts
     D:3: 2147 daAuts
     D:2: 1727 daAuts
     D:1: 1459 daAuts
     D:5: 1314 daAuts
     D:6: 197 daAuts
 Abyss:1: 18 daAuts
